Map: Orbital Shipyard

Players

Toons - Winner!

  • Race: Protoss Protoss
  • League: Gold

simpleBIT

  • Race: Terran Terran
  • League: Gold

VOD

Have the link to the VOD?

Description

Time

  • Played on: Jan. 30, 2016, 2:46 a.m.
  • Length: 6:40
Show
View Real Time Build Order
Export as new Build Order

Toons Protoss - Winner!

Build Orders: Oracle Opening 

Get SALT Encoding   

  12  0:00  Probe (Chrono Boost)  
  13  0:11  Probe (Chrono Boost)  
  14  0:18  Pylon  
  14  0:22  Probe (Chrono Boost)  
  15  0:36  Probe (Chrono Boost)  
  15  0:42  Gateway  
  16  0:47  Probe (Chrono Boost)  
  16  0:48  Assimilator  
  17  0:58  Probe (Chrono Boost)  
  18  1:08  Probe (Chrono Boost)  
  19  1:19  Probe (Chrono Boost)  
  19  1:21  Pylon  
  20  1:30  Probe (Chrono Boost)  
  20  1:31  Cybernetics Core  
  21  1:42  Probe (Chrono Boost)  
  22  1:49  Nexus  
  22  1:54  Probe (Chrono Boost)  
  23  2:05  Probe (Chrono Boost)  
  23  2:08  Adept (Chrono Boost), Warp Gate (Chrono Boost)  
  26  2:16  Assimilator, Probe  
  26  2:29  Mothership Core  
  28  2:36  Gateway  
  28  2:46  Adept (Chrono Boost)  
  28  2:50  Probe  
  31  3:02  Probe  
  32  3:06  Pylon  
  32  3:14  Stargate, Probe  
  32  3:18  Probe  
  34  3:22  Pylon  
  34  3:25  Probe  
  35  3:27  Adept  
  35  3:29  Adept  
  39  3:36  Probe  
  39  3:38  Probe  
  41  3:58  Oracle  
  44  4:16  Zealot, Sentry  
  48  4:18  Probe  
  48  4:20  Probe  
  50  4:26  Gateway  
  50  4:29  Gateway  
  50  4:31  Probe, Gateway  
  50  4:33  Probe  
  50  4:34  Pylon  
  50  4:35  Assimilator  
  50  4:36  Pylon  
  52  4:40  Forge, Assimilator  
  52  4:48  Probe  
  52  4:49  Probe  
  54  5:00  Zealot x2  
  54  5:02  Oracle  
  54  5:06  Probe  
  61  5:07  Probe  
  63  5:15  Pylon  
  63  5:17  Probe  
  63  5:20  Probe  
  65  5:23  Sentry  
  65  5:25  Zealot  
  65  5:28  Probe  
  69  5:32  Probe  
  71  5:36  Pylon  
  71  5:37  Photon Cannon  
  71  5:39  Pylon, Probe  
  72  5:44  Probe  
  73  5:57  Probe  
  73  5:59  Probe, Zealot  
  73  6:00  Zealot x4  
  77  6:20  Stalker x5  
  77  6:23  Probe  
  77  6:24  Probe  
Show
View Real Time Build Order
Export as new Build Order

simpleBIT Terran 

Build Orders: Reaper Expand, MMM Bio 

Get SALT Encoding   

  12  0:04  SCV  
  13  0:16  SCV  
  13  0:20  Supply Depot  
  15  0:28  SCV  
  15  0:41  SCV  
  15  0:42  Refinery  
  16  0:45  Barracks  
  16  0:53  SCV  
  17  1:05  SCV  
  18  1:18  SCV  
  19  1:32  Reaper  
  21  1:36  Orbital Command  
  20  1:44  Command Center  
  20  1:52  Supply Depot  
  20  2:04  SCV  
  20  2:05  Barracks  
  22  2:16  SCV  
  22  2:22  Barracks Tech Lab  
  22  2:28  SCV  
  23  2:41  SCV  
  26  2:44  Marauder  
  26  2:53  Barracks Tech Lab, SCV  
  26  2:55  Barracks  
  27  2:59  Orbital Command  
  27  3:01  Barracks  
  27  3:05  SCV  
  28  3:07  Refinery  
  28  3:08  Marauder  
  30  3:14  Stimpack  
  30  3:17  SCV  
  30  3:18  Concussive Shells  
  31  3:28  Marauder  
  31  3:29  SCV x2  
  37  3:34  Marauder  
  37  3:51  Barracks Reactor  
  37  3:53  Barracks Reactor  
  38  3:55  SCV x2  
  38  4:00  Refinery  
  38  4:01  Marine x2  
  41  4:06  Factory  
  41  4:19  Marine x2  
  41  4:24  Combat Shields  
  43  4:27  SCV x2  
  45  4:33  Marine  
  46  4:40  Supply Depot  
  46  4:44  Supply Depot  
  46  4:47  Supply Depot  
  46  5:01  Starport  
  46  5:02  Marine x6, SCV  
  46  5:03  Command Center  
  53  5:19  Marine x6  
  58  5:31  SCV x2  
  60  5:35  Refinery  
  60  5:37  Marine x5  
  60  5:40  Marine  
  60  5:42  Starport Reactor  
  66  5:43  SCV  
  62  5:55  Marine x4  
  62  5:56  Marine  
  66  5:58  Marine  
  56  6:13  Marine x3  
Tags
 
Add a new tag
Caveats
  • Supply blocks, unpowered buildings, or Contaminate may cause inaccurate times.
  • Supply counts are checked every 10 seconds.